[Event "December 12 Late 2023"]
[Site "https://www.chess.com"]
[Date "2023.12.12"]
[Round "9"]
[White "ChessSG1"]
[Black "Vlassov, Nikolai"]
[Result "0-1"]
[Board "54"]
[TimeControl "180+1"]
[BlackFideId "4103360"]
[WhiteElo "2482"]
[BlackElo "2611"]
[BlackTeam "FID"]
[WhiteClock "0:00:00"]
[BlackClock "0:00:42"]

1. d4 Nf6 2. c4 Nc6 3. Nc3 e5 4. d5 Ne7 5. e4 Ng6 6. Nf3 Bc5 7. h3 a5 8. Bd3 d6 9. Qe2 O-O 10. Be3 Bxe3 11. Qxe3 c6 12. O-O-O cxd5 13. cxd5 Nd7 14. Nd2 Nc5 15. Bc2 Bd7 16. Nb3 Nxb3+ 17. Bxb3 b5 18. Kb1 a4 19. Bc2 b4 20. Ne2 b3 21. Bd3 bxa2+ 22. Ka1 Qa5 23. Qd2 Qb6 24. Qe3 Qb7 25. Nc1 Rab8 26. Rd2 Nf4 27. Bf1 f5 28. g3 Ng6 29. Be2 f4 30. Qa3 fxg3 31. fxg3 Qb6 32. Nxa2 Rf2 33. Rhd1 Bxh3 34. Nc3 Nf8 35. Bb5 Rxd2 36. Rxd2 Nd7 37. Ka2 Nc5 38. Rh2 Bg4 39. Qb4 h5 40. Qc4 g6 41. Rf2 Kg7 42. Bc6 Nd3 0-1

[Event "December 12 Late 2023"]
[Site "https://www.chess.com"]
[Date "2023.12.12"]
[Round "9"]
[White "Ladan, Nicholas"]
[Black "Golubev, Mikhail"]
[Result "0-1"]
[Board "55"]
[TimeControl "180+1"]
[WhiteFideId "30918855"]
[BlackFideId "14100983"]
[WhiteElo "2469"]
[BlackElo "2610"]
[WhiteTeam "USA"]
[BlackTeam "UKR"]
[WhiteClock "0:00:00"]
[BlackClock "0:00:34"]

1. d4 Nf6 2. Nf3 d6 3. Bf4 Nbd7 4. e3 Nh5 5. Nbd2 Nxf4 6. exf4 g6 7. Bc4 Nf6 8. Qe2 Bg7 9. O-O-O O-O 10. h4 Bg4 11. Nf1 Qd7 12. Ne3 h5 13. Nxg4 Nxg4 14. Ng5 d5 15. Bd3 Bxd4 16. Bb5 c6 17. Rxd4 cxb5 18. Rhd1 Nf6 19. f5 Qxf5 20. Qxe7 Rac8 21. R1d2 Rce8 22. Qxb7 Re1+ 23. Rd1 Qxf2 24. Rxe1 Qxe1+ 25. Rd1 Qe3+ 26. Kb1 Qe2 27. Rc1 Qxg2 28. Qxa7 Ne4 29. Nxe4 dxe4 30. Qe3 Qg4 31. c4 bxc4 32. Rxc4 Qxh4 33. Rxe4 Qh1+ 34. Qe1 Qxe1+ 35. Rxe1 f5 36. a4 f4 37. a5 f3 38. Ka2 g5 39. b4 g4 40. a6 f2 41. Rb1 g3 42. b5 g2 0-1

[Event "December 12 Late 2023"]
[Site "https://www.chess.com"]
[Date "2023.12.12"]
[Round "9"]
[White "Saravana, Krishnan P."]
[Black "Bogaudinov, Rushan"]
[Result "1-0"]
[Board "56"]
[TimeControl "180+1"]
[WhiteFideId "5018382"]
[BlackFideId "4129288"]
[WhiteElo "2607"]
[BlackElo "2472"]
[WhiteTeam "IND"]
[BlackTeam "RUS"]
[WhiteClock "0:00:38"]
[BlackClock "0:00:00"]

1. e4 e6 2. d4 d5 3. Nd2 c5 4. Ngf3 Nc6 5. exd5 exd5 6. Bb5 Nf6 7. O-O Be7 8. dxc5 O-O 9. Nb3 Bg4 10. h3 Bh5 11. Be2 Ne4 12. Be3 a5 13. a4 Rc8 14. c3 Re8 15. Re1 Bxf3 16. Bxf3 Ne5 17. Bd4 Nxf3+ 18. Qxf3 Nxc5 19. Bxc5 Bxc5 20. Rxe8+ Qxe8 21. Qxd5 b6 22. Nxc5 Rxc5 23. Qd4 h5 24. b4 axb4 25. cxb4 Rc6 26. b5 Re6 27. Qc3 g6 28. Rd1 Re4 29. a5 bxa5 30. Qxa5 Qe5 31. Rb1 h4 32. Qd2 Re2 33. Qd8+ Kg7 34. Qxh4 Qf5 35. Qd4+ Kh7 36. Rb4 Re1+ 37. Kh2 Re2 38. b6 Rxf2 39. b7 g5 40. b8=Q Kg6 41. Qg8+ 1-0

[Event "December 12 Late 2023"]
[Site "https://www.chess.com"]
[Date "2023.12.12"]
[Round "9"]
[White "Mazurkiewicz, Michal"]
[Black "Mendez Fortes, Eduardo Jesus"]
[Result "1-0"]
[Board "57"]
[TimeControl "180+1"]
[WhiteFideId "1124943"]
[BlackFideId "3502376"]
[WhiteElo "2465"]
[BlackElo "2602"]
[WhiteTeam "POL"]
[BlackTeam "CUB"]
[WhiteClock "0:00:14"]
[BlackClock "0:01:48"]

1. e4 e5 2. Nf3 Nc6 3. Bb5 a6 4. Bxc6 dxc6 5. O-O Bd6 6. d4 exd4 7. Qxd4 f6 8. Nbd2 Be6 9. Kh1 Qd7 10. Nc4 Be7 11. Ne3 Qxd4 12. Nxd4 Bd7 13. Ndf5 Bf8 14. b3 c5 15. Bb2 O-O-O 16. Rad1 Ne7 17. Nxe7+ Bxe7 18. Nd5 Bf8 19. c4 Re8 20. Rfe1 Bg4 21. f3 Bh5 22. e5 f5 23. e6 c6 24. Nf4 Bg6 25. h4 Re7 26. Rd2 Be8 27. Red1 Kc7 28. Rd8 Rg8 29. R1d6 g5 30. hxg5 Rxg5 31. Be5 Kb6 32. Nd5+ Ka5 33. Nxe7 Bxe7 34. Rxe8 Rh5+ 35. Kg1 Bg5 36. f4 Bh4 37. Rd7 b5 38. Bc3+ b4 39. Be5 Kb6 40. Rb8+ Ka5 41. Bc7# 1-0

[Event "December 12 Late 2023"]
[Site "https://www.chess.com"]
[Date "2023.12.12"]
[Round "9"]
[White "Arnold, Ken"]
[Black "Przybylski, Wojciech"]
[Result "0-1"]
[Board "58"]
[TimeControl "180+1"]
[WhiteFideId "2056836"]
[BlackFideId "1117599"]
[WhiteElo "2459"]
[BlackElo "2569"]
[WhiteTeam "USA"]
[BlackTeam "POL"]
[WhiteClock "0:00:00"]
[BlackClock "0:00:03"]

1. d4 Nf6 2. Nf3 d5 3. g3 c6 4. Bg2 Bg4 5. O-O Nbd7 6. Nbd2 e6 7. a3 Be7 8. c4 O-O 9. cxd5 exd5 10. Qc2 Bh5 11. b3 Re8 12. Bb2 Bg6 13. Qc1 h6 14. b4 Ne4 15. Nxe4 Bxe4 16. e3 Bd6 17. Nd2 Bxg2 18. Kxg2 a5 19. Bc3 a4 20. Qc2 Qf6 21. Rae1 h5 22. e4 Qg6 23. Qb1 dxe4 24. Nxe4 h4 25. Nc5 h3+ 26. Kxh3 Qh5+ 27. Kg2 Nf6 28. Qd3 b6 29. Ne4 Qd5 30. Qf3 Nd7 31. Re3 Bf8 32. Rfe1 Re6 33. h4 Rae8 34. Ng5 Rxe3 35. Qxd5 cxd5 36. Rxe3 Rc8 37. Nf3 f6 38. h5 Kf7 39. Nh4 b5 40. Ng6 Nb6 41. Rf3 Bd6 42. Bd2 Rc2 43. Bf4 Nc4 44. Bxd6 Nxd6 45. Re3 Nf5 46. Re1 Rc7 47. g4 Nxd4 48. Rd1 Rc4 49. Re1 Ne6 50. Kg3 Rc3+ 51. Kh4 Rf3 52. Rd1 Ng5 53. Rh1 d4 54. h6 d3 55. h7 Nxh7 56. Kh5 Ng5 57. Nh8+ Ke6 58. Kg6 Rxf2 59. Re1+ Re2 60. Rd1 d2 0-1

[Event "December 12 Late 2023"]
[Site "https://www.chess.com"]
[Date "2023.12.12"]
[Round "9"]
[White "Serra Canals, Oriol"]
[Black "Khater, Sherif"]
[Result "0-1"]
[Board "59"]
[TimeControl "180+1"]
[WhiteFideId "22276084"]
[BlackFideId "2034280"]
[WhiteElo "2457"]
[BlackElo "2559"]
[WhiteTeam "ESP"]
[BlackTeam "USA"]
[WhiteClock "0:00:00"]
[BlackClock "0:00:13"]

1. d4 d5 2. c4 c6 3. e3 Nf6 4. Nf3 Bg4 5. Qb3 Bxf3 6. gxf3 Qb6 7. c5 Qc7 8. Nc3 Nbd7 9. f4 e6 10. Rg1 b6 11. cxb6 axb6 12. Bd3 g6 13. Bd2 Bd6 14. Rc1 Qb7 15. Na4 b5 16. Nc3 O-O 17. Ne2 Nb6 18. a3 Rfb8 19. Bb4 Qd7 20. f5 Bxb4+ 21. Qxb4 exf5 22. Ng3 Kh8 23. Qc5 Na4 24. Qxc6 Qxc6 25. Rxc6 Nxb2 26. Bxb5 Rxb5 27. Rxf6 Rb7 28. h4 Rxa3 29. Ke2 Nc4 30. h5 Ra2+ 31. Kf3 Nd2+ 32. Kf4 Ne4 33. Nxe4 dxe4 34. Rc1 Rxf2+ 35. Kg3 Rf3+ 36. Kg2 Kg7 37. Rcc6 Rb2+ 38. Kg1 Rxe3 39. Kf1 Ra3 40. h6+ Kxh6 41. Rc1 Rf3+ 42. Ke1 Kg5 43. Rxf7 Kf4 44. d5 Rh3 0-1

[Event "December 12 Late 2023"]
[Site "https://www.chess.com"]
[Date "2023.12.12"]
[Round "9"]
[White "Weisz, Bryan"]
[Black "Keleberda, Tymur"]
[Result "0-1"]
[Board "60"]
[TimeControl "180+1"]
[WhiteFideId "30934133"]
[BlackFideId "14174294"]
[WhiteElo "2450"]
[BlackElo "2551"]
[WhiteTeam "USA"]
[BlackTeam "CAN"]
[WhiteClock "0:00:02"]
[BlackClock "0:00:06"]

1. e4 c5 2. Nc3 d6 3. Nf3 Nf6 4. e5 dxe5 5. Nxe5 Nbd7 6. d4 Nxe5 7. dxe5 Qxd1+ 8. Nxd1 Ng4 9. Bf4 f6 10. exf6 gxf6 11. Bb5+ Kf7 12. Ne3 Nxe3 13. Bxe3 b6 14. a4 Bb7 15. a5 Bxg2 16. Rg1 Be4 17. O-O-O bxa5 18. Bc4+ e6 19. Rd7+ Be7 20. Bxc5 Rhe8 21. Re1 Bf5 22. Bd5 Rac8 23. Ba3 Rxc2+ 24. Kd1 Rcc8 25. Bb3 Rcd8 26. Rxd8 Rxd8+ 27. Ke2 Bxa3 28. bxa3 Rd3 29. Bc2 Rxa3 30. Bxf5 exf5 31. Rc1 Ra2+ 32. Ke3 Kg6 33. Rc7 Ra3+ 34. Ke2 a4 35. Rxa7 h5 36. h4 Ra2+ 37. Ke3 a3 38. f3 Ra1 39. Kf4 a2 40. Ra5 Kf7 41. Kxf5 Rf1 42. Ra7+ Kg8 43. Rxa2 Rxf3+ 44. Kg6 Kf8 45. Ra8+ Ke7 46. Kxh5 Rg3 47. Ra7+ Ke6 48. Kh6 f5 49. h5 f4 50. Rg7 Rh3 51. Rg8 Kf7 52. Rg7+ Kf6 53. Rg8 Ke7 54. Rg7+ Ke6 55. Rg6+ Kf5 56. Rg8 f3 57. Rf8+ Ke4 58. Kg6 Rg3+ 59. Kh7 Rg5 60. h6 Rf5 61. Rxf5 Kxf5 62. Kg7 f2 63. h7 f1=Q 64. h8=Q Qg2+ 65. Kf7 Qb7+ 66. Kg8 Kg6 0-1

[Event "December 12 Late 2023"]
[Site "https://www.chess.com"]
[Date "2023.12.12"]
[Round "9"]
[White "Bold, Andre"]
[Black "Ferreira, Vitor Hugo Vieira"]
[Result "0-1"]
[Board "61"]
[TimeControl "180+1"]
[WhiteFideId "16208471"]
[BlackFideId "2119765"]
[WhiteElo "2450"]
[BlackElo "2535"]
[WhiteTeam "GER"]
[BlackTeam "BRA"]
[WhiteClock "0:00:00"]
[BlackClock "0:00:58"]

1. Nf3 d5 2. g3 c6 3. Bg2 Bf5 4. O-O e6 5. d3 h6 6. Nbd2 Nf6 7. Re1 Be7 8. Ne5 O-O 9. e4 Bh7 10. Qe2 Nbd7 11. Nxd7 Qxd7 12. e5 Ne8 13. Nf1 Nc7 14. h4 Rae8 15. Nh2 f6 16. Bf4 fxe5 17. Bxe5 Bf6 18. Ng4 Bf5 19. Bxf6 Bxg4 20. Qxg4 Rxf6 21. f4 Qd6 22. h5 Qc5+ 23. Kh2 Qxc2 24. d4 Qf5 25. Bh3 Qxg4 26. Bxg4 Nb5 27. Rad1 Nd6 28. Re3 Nf5 29. Rb3 Re7 30. Kg2 g6 31. hxg6 Rxg6 32. Bxf5 exf5 33. Kf2 Rge6 34. Rd2 Kg7 35. a4 Kg6 36. Kf3 h5 37. a5 a6 38. Rb4 Re1 39. Rd3 Rf1+ 40. Kg2 Rc1 41. Rd2 Rc4 42. Rxc4 dxc4 43. Kf3 Re1 44. d5 cxd5 45. Rxd5 Rb1 46. Rd6+ Kg7 47. Rb6 c3 48. Rxb7+ Kg8 49. Rb8+ Kf7 50. Rb7+ Ke6 51. Rb6+ Kd5 52. bxc3 Rxb6 53. axb6 Kc6 54. Ke3 Kxb6 55. Kd4 Kc6 56. Kc4 a5 57. Kd4 Kb5 58. Kd5 a4 59. c4+ Kb4 60. c5 a3 61. c6 a2 62. c7 a1=Q 63. c8=Q Qd1+ 64. Ke5 Qe1+ 65. Kxf5 Qxg3 66. Qb7+ Kc4 67. Qe4+ Kc5 68. Qe5+ Kc6 69. Kf6 h4 70. Qe6+ Kc5 71. Qe5+ Kc4 72. Qe4+ Kc3 73. Qc6+ Kd2 74. Qd5+ Ke3 75. Qe5+ Kf3 76. f5 h3 77. Ke6 h2 0-1

[Event "December 12 Late 2023"]
[Site "https://www.chess.com"]
[Date "2023.12.12"]
[Round "9"]
[White "Urbina Perez, Juan Antonio"]
[Black "Rama, Tejas"]
[Result "0-1"]
[Board "62"]
[TimeControl "180+1"]
[WhiteFideId "2217368"]
[BlackFideId "30907381"]
[WhiteElo "2444"]
[BlackElo "2529"]
[WhiteTeam "ESP"]
[BlackTeam "USA"]
[WhiteClock "0:00:49"]
[BlackClock "0:00:13"]

1. d4 Nf6 2. c4 e6 3. Nf3 d5 4. g3 dxc4 5. Bg2 c5 6. O-O Nc6 7. dxc5 Qxd1 8. Rxd1 Bxc5 9. Nbd2 c3 10. bxc3 O-O 11. Nb3 Be7 12. Nbd4 Nxd4 13. cxd4 Nd5 14. Bd2 f5 15. Ne5 b6 16. Rac1 Ba6 17. e3 Rfc8 18. Bxd5 exd5 19. Rxc8+ Rxc8 20. Rc1 Rxc1+ 21. Bxc1 Bb5 22. f4 Bb4 23. Nf3 Kf8 24. Kf2 Ke7 25. a3 Bc3 26. Bd2 Bb2 27. Bb4+ Ke8 28. Ke1 a5 29. Bd6 Bc1 30. Nd2 Ba4 31. Ke2 Kd7 32. Bf8 g6 33. Nf3 Ke8 34. Bd6 Kd7 35. Bf8 Bb3 36. Ne5+ Ke6 37. Nd3 Bc4 38. h3 Kd7 39. g4 Kc6 40. gxf5 gxf5 41. a4 b5 42. Kd1 Bxe3 43. Ne5+ Kb6 44. Bc5+ Ka6 45. axb5+ Kxb5 46. Nf7 Bxf4 47. Nd6+ Bxd6 48. Bxd6 Bf1 49. h4 Kc4 50. Be5 Kc3 51. Ke1 Bd3 52. Kf2 a4 53. Bd6 Kb3 54. Ke3 Be4 0-1

[Event "December 12 Late 2023"]
[Site "https://www.chess.com"]
[Date "2023.12.12"]
[Round "9"]
[White "Avila Rodriguez, Joshua Ad"]
[Black "Kopczynski, Michal"]
[Result "0-1"]
[Board "63"]
[TimeControl "180+1"]
[WhiteFideId "5126444"]
[BlackFideId "1124200"]
[WhiteElo "2434"]
[BlackElo "2519"]
[WhiteTeam "MEX"]
[BlackTeam "POL"]
[WhiteClock "0:00:00"]
[BlackClock "0:00:05"]

1. d4 Nf6 2. c4 g6 3. Nc3 Bg7 4. e4 d6 5. Be2 O-O 6. Be3 e5 7. d5 Ne8 8. g4 c5 9. h4 Na6 10. a3 Nac7 11. h5 a6 12. hxg6 fxg6 13. Nh3 Nf6 14. f3 h5 15. Nf2 hxg4 16. fxg4 b5 17. Qd2 bxc4 18. Bh6 Qe7 19. a4 Rb8 20. O-O-O Nfxd5 21. exd5 Rxf2 22. Ne4 Rg2 23. Bxg7 Qxg7 24. Rdf1 Ne8 25. Qg5 Bf5 26. Bf3 Rbxb2 27. Bxg2 Rxg2 28. Qd8 Qd7 29. Qh4 Rc2+ 30. Kd1 Bxg4+ 31. Kxc2 Bh5 32. Qg5 Qxa4+ 33. Kd2 c3+ 0-1

[Event "December 12 Late 2023"]
[Site "https://www.chess.com"]
[Date "2023.12.12"]
[Round "9"]
[White "Shapiro, Viktor"]
[Black "Zakarian, David"]
[Result "1-0"]
[Board "64"]
[TimeControl "180+1"]
[WhiteFideId "4175700"]
[BlackFideId "13301276"]
[WhiteElo "2518"]
[BlackElo "2419"]
[WhiteTeam "RUS"]
[BlackTeam "ARM"]
[WhiteClock "0:00:12"]
[BlackClock "0:00:17"]

1. c4 Nf6 2. Nc3 g6 3. Nf3 Bg7 4. d4 O-O 5. Bg5 b6 6. e4 h6 7. Bh4 Bb7 8. Bd3 d6 9. O-O Nc6 10. d5 Nb4 11. Bb1 a5 12. Re1 Bc8 13. h3 e5 14. dxe6 Bxe6 15. Qe2 Qc8 16. a3 Na6 17. Nd5 Nxd5 18. cxd5 Bd7 19. Ra2 a4 20. Qc4 Re8 21. b4 axb3 22. Qxb3 Nc5 23. Qd1 Qa6 24. Nd4 Qc4 25. Rd2 Rxa3 26. Bg3 Ba4 27. Bc2 Bxc2 28. Nxc2 Ra2 29. Ne3 Rxd2 30. Qxd2 Qxe4 31. Nc2 f5 32. Rxe4 Nxe4 33. Qd3 f4 34. Bxf4 g5 35. Be3 Nf6 36. Nd4 Ra8 37. Ne6 Ra1+ 38. Kh2 Nd7 39. Qg6 1-0

[Event "December 12 Late 2023"]
[Site "https://www.chess.com"]
[Date "2023.12.12"]
[Round "9"]
[White "Tikhonov, Viacheslav"]
[Black "Zeneli, Klendi"]
[Result "1-0"]
[Board "65"]
[TimeControl "180+1"]
[WhiteFideId "44196407"]
[BlackFideId "4706609"]
[WhiteElo "2517"]
[BlackElo "2413"]
[WhiteTeam "RUS"]
[BlackTeam "ALB"]
[WhiteClock "0:00:13"]
[BlackClock "0:00:33"]

1. e4 e5 2. Nf3 Nc6 3. Bc4 Nf6 4. Ng5 d5 5. exd5 Na5 6. Bb5+ c6 7. dxc6 bxc6 8. Be2 h6 9. Nh3 Bc5 10. d3 Nd5 11. Nc3 O-O 12. O-O Bxh3 13. gxh3 Qh4 14. Bf3 Rad8 15. Bg2 Nb7 16. Qg4 Qf6 17. Ne4 Qe7 18. Nxc5 Qxc5 19. Bxh6 g6 20. Bxf8 Kxf8 21. Bxd5 cxd5 22. c3 Nd6 23. Rfe1 e4 24. Qh4 Rc8 25. Qh8+ Ke7 26. Qe5+ Kf8 27. dxe4 Nxe4 28. Rxe4 dxe4 29. Qxe4 Re8 30. Qb4 Qxb4 31. cxb4 Rc8 32. a4 a6 33. b5 axb5 34. a5 b4 35. a6 Ra8 36. Kf1 Ke7 37. Ke2 Kd6 38. Kd3 Kc5 39. a7 Kb5 40. Kd4 f6 41. Kd5 Kb6 42. Kc4 Kb7 43. Kxb4 f5 44. f4 Kc7 45. Kc5 Kb7 46. Kb5 Kc7 47. Ra6 Kb7 48. Rxg6 Rh8 49. Ra6 Ka8 50. Ra3 Rh4 51. Rf3 Kxa7 52. Kc5 Kb7 53. Kd5 Kc7 54. Ke5 Rh5 55. Kf6 Kd6 56. Kg6 Rh8 57. Kxf5 Rb8 58. b3 Ke7 59. Re3+ Kf7 60. h4 Rh8 61. Kg4 Rb8 62. h5 Kf6 63. Rc3 Rb4 64. Rc6+ Kf7 65. h6 Rxb3 66. h4 Rb1 67. Kf5 Rh1 68. Rc7+ Ke8 69. h7 Rxh4 70. h8=Q+ Rxh8 71. Rc8+ Kf7 72. Rxh8 Kg7 73. Ra8 Kf7 74. Ra6 Ke8 75. Rf6 Kd7 76. Ke5 Ke7 77. Re6+ Kd7 78. f5 Kc7 79. f6 Kd7 80. f7 Kc7 81. f8=Q Kb7 82. Qf7+ Ka8 83. Re8# 1-0

[Event "December 12 Late 2023"]
[Site "https://www.chess.com"]
[Date "2023.12.12"]
[Round "9"]
[White "Reprintsev, Alexander"]
[Black "Storn, Justin"]
[Result "1-0"]
[Board "66"]
[TimeControl "180+1"]
[WhiteFideId "14100541"]
[BlackFideId "30922720"]
[WhiteElo "2513"]
[BlackElo "2376"]
[WhiteTeam "UKR"]
[BlackTeam "USA"]
[WhiteClock "0:01:04"]
[BlackClock "0:00:02"]

1. e4 c6 2. Nf3 d5 3. Nc3 dxe4 4. Nxe4 Nf6 5. Qe2 e6 6. d4 Nbd7 7. Bd2 Qb6 8. O-O-O Nxe4 9. Qxe4 Nf6 10. Qd3 Be7 11. Ne5 O-O 12. Be2 c5 13. Nc4 Qc7 14. g3 cxd4 15. Bf4 Qc5 16. Qxd4 Qxd4 17. Rxd4 Nd5 18. Bd6 Bf6 19. Rxd5 exd5 20. Bxf8 Kxf8 21. Ne3 Be6 22. Rd1 d4 23. Ng4 Bxg4 24. Bxg4 b6 25. Rd3 Ke7 26. Ra3 a5 27. Rb3 Rb8 28. Rb5 Kd6 29. a4 Kc7 30. Kd2 Rd8 31. Be2 Be7 32. Bc4 Bc5 33. Rb3 f6 34. Rf3 Re8 35. g4 Re5 36. h4 h6 37. Rg3 Bd6 38. Rg1 Re4 39. Bd3 Rf4 40. Ke2 g5 41. h5 Bc5 42. f3 Kd6 43. Rd1 Ke5 44. Be4 Kd6 45. Kd3 Ke5 46. Re1 Kd6 47. Bb7 Kc7 48. Ba8 Kd7 49. Re2 Bb4 50. Be4 Bc5 51. Kc4 Kc7 52. Kd5 Kd7 53. Rd2 Kc7 54. Ke6 Kc8 55. Rd3 Kc7 56. Bf5 Kc6 57. Kxf6 Kd5 58. Kg6 Kc4 59. Kxh6 Be7 60. Kg6 1-0

[Event "December 12 Late 2023"]
[Site "https://www.chess.com"]
[Date "2023.12.12"]
[Round "9"]
[White "Nadera, Barlo A."]
[Black "Rogov, Matfey"]
[Result "0-1"]
[Board "67"]
[TimeControl "180+1"]
[WhiteFideId "5200598"]
[BlackFideId "44191308"]
[WhiteElo "2223"]
[BlackElo "2509"]
[WhiteTeam "PHI"]
[BlackTeam "RUS"]
[WhiteClock "0:00:00"]
[BlackClock "0:00:03"]

1. d4 e6 2. c4 b6 3. Nc3 Bb7 4. a3 f5 5. Nf3 Nf6 6. g3 d6 7. Bg2 Be7 8. O-O Ne4 9. Qc2 O-O 10. Rd1 Nd7 11. b4 a5 12. Bb2 d5 13. c5 c6 14. e3 b5 15. Ne2 g5 16. Ne5 Qe8 17. f3 Nef6 18. Nd3 Qh5 19. a4 bxa4 20. Rxa4 axb4 21. Rxb4 Ba6 22. Nc3 Rfb8 23. Rxb8+ Rxb8 24. Nf2 Qg6 25. Ra1 Bc4 26. Bc1 h5 27. Ra7 Kf7 28. e4 fxe4 29. fxe4 h4 30. Qd2 hxg3 31. hxg3 Rb3 32. e5 Ne4 33. Ncxe4 dxe4 34. Nxe4 Bd5 35. Qc2 Rxg3 36. Qf2+ Kg7 37. Qxg3 Bxe4 38. Rxd7 Kf8 39. Qf2+ Ke8 40. Rc7 g4 41. Bxe4 Qxe4 42. Qf4 Qe1+ 43. Kg2 Qe2+ 44. Kg3 Qd3+ 45. Kxg4 Qg6+ 46. Kf3 Qd3+ 47. Be3 Qf1+ 48. Ke4 Qb1+ 49. Kf3 Qf1+ 50. Kg3 Qe1+ 51. Kg2 Qe2+ 52. Kg3 Qe1+ 53. Bf2 Qc3+ 54. Qf3 Qc1 55. Qxc6+ Kf7 56. Qf3+ Ke8 57. Qa8+ Kf7 0-1

[Event "December 12 Late 2023"]
[Site "https://www.chess.com"]
[Date "2023.12.12"]
[Round "9"]
[White "Flash_BJ"]
[Black "Rees, Ioan"]
[Result "0-1"]
[Board "68"]
[TimeControl "180+1"]
[BlackFideId "1801236"]
[WhiteElo "2239"]
[BlackElo "2525"]
[BlackTeam "WLS"]
[WhiteClock "0:00:00"]
[BlackClock "0:00:21"]

1. Nf3 d5 2. c4 c6 3. b3 Nf6 4. Bb2 Bf5 5. g3 h6 6. Bg2 e6 7. O-O Nbd7 8. d3 Be7 9. a3 O-O 10. Nbd2 Qb6 11. Qc2 a5 12. Ne5 Nxe5 13. Bxe5 Bh7 14. Nf3 Rfd8 15. Qb2 a4 16. b4 c5 17. cxd5 exd5 18. bxc5 Qxb2 19. Bxb2 Bxc5 20. Bd4 Be7 21. Rfb1 Rab8 22. Rb5 Bf5 23. Be5 Bd6 24. Bxd6 Rxd6 25. Rab1 b6 26. Nd4 Bd7 27. R5b4 g6 28. h3 Ne8 29. Rc1 Kg7 30. Nb5 Rc6 31. Rxc6 Bxc6 32. Nd4 Bd7 33. f4 Nc7 34. e4 dxe4 35. dxe4 b5 36. e5 Na6 37. Rb1 b4 38. Bf1 bxa3 39. Rxb8 Nxb8 40. Bc4 Nc6 41. Nc2 Na5 42. Nxa3 Nxc4 43. Nxc4 Bxh3 44. Kf2 Be6 45. Na3 g5 46. Kf3 Kg6 47. fxg5 Kxg5 48. Ke4 Kg4 0-1

[Event "December 12 Late 2023"]
[Site "https://www.chess.com"]
[Date "2023.12.12"]
[Round "9"]
[White "Akhayan, Ruben"]
[Black "Bardyk, Artem"]
[Result "1/2-1/2"]
[Board "69"]
[TimeControl "180+1"]
[WhiteFideId "204439"]
[BlackFideId "34349979"]
[WhiteElo "2392"]
[BlackElo "2696"]
[WhiteTeam "BEL"]
[BlackTeam "RUS"]
[WhiteClock "0:00:11"]
[BlackClock "0:00:06"]

1. e4 e5 2. d4 exd4 3. Nf3 Nc6 4. Nxd4 Bb4+ 5. c3 Bc5 6. Nxc6 bxc6 7. Be2 d5 8. exd5 cxd5 9. O-O Nf6 10. Bg5 O-O 11. Nd2 Rb8 12. Nb3 Be7 13. h3 Bb7 14. Bf3 h6 15. Bh4 g5 16. Bg3 Ne4 17. Bh2 Bd6 18. Bxd6 Qxd6 19. Nd4 Rbe8 20. Re1 Qb6 21. Bxe4 dxe4 22. b4 f5 23. Qb3+ Kh7 24. Rad1 Kg6 25. Qa4 Rd8 26. Qb3 Bd5 27. Qc2 c5 28. bxc5 Qxc5 29. Rb1 Rb8 30. Qa4 Qxc3 31. Qa6+ Rf6 32. Qxa7 Rxb1 33. Rxb1 e3 34. Nf3 e2 35. Qe3 Qxe3 36. fxe3 Bxa2 37. Re1 Bc4 38. Kf2 f4 39. Ne5+ Kf5 40. Nxc4 Ke4 41. Rxe2 fxe3+ 42. Kg3 Kd3 43. Rxe3+ Kxc4 44. Re8 Kd5 45. Kg4 Rf2 46. g3 Rh2 47. h4 gxh4 48. gxh4 Rh1 49. Kh5 Rh2 50. Re7 Kd6 51. Re8 Kd7 52. Rh8 Ke6 53. Rxh6+ Kf5 54. Rh8 Kf6 55. Rf8+ Kg7 56. Rf4 Ra2 57. Kg5 Ra5+ 58. Kg4 Kg6 59. Rc4 Ra6 60. Rc5 Ra1 61. Kg3 Ra3+ 62. Kg4 Ra4+ 63. Kh3 Ra1 64. Rc6+ Kh5 65. Rc5+ Kh6 66. Rg5 Ra3+ 67. Kg4 Ra4+ 68. Kf5 Rxh4 69. Rg4 Rh1 70. Kf4 Kh5 71. Rg2 Ra1 72. Kf3 Ra4 73. Kf2 Ra3 74. Kg1 Kh4 75. Kf1 Ra1+ 76. Kf2 Kh3 77. Rg3+ Kh4 78. Rg8 Ra2+ 79. Kf3 Ra3+ 80. Kf4 Ra4+ 81. Kf5 Kh3 82. Ke5 Kh2 83. Kd5 Ra3 84. Ke4 Ra4+ 85. Kf3 Kh1 86. Kf2 Ra2+ 87. Kf3 Kh2 88. Rg7 Rb2 89. Ke3 Rb3+ 90. Kf4 Ra3 91. Ke4 Kh3 92. Kf4 Ra4+ 93. Kf3 Kh4 94. Rg8 Kh5 95. Ke3 Ra3+ 96. Kf4 Kh6 97. Rg1 Ra4+ 98. Kf5 Ra2 99. Kf6 Rf2+ 100. Ke5 Rf3 101. Ke4 Ra3 102. Kf5 Ra5+ 103. Kf6 Kh5 104. Ke6 Kh4 105. Kf6 Kh5 106. Ke6 Rg5 107. Rxg5+ Kxg5 1/2-1/2

[Event "December 12 Late 2023"]
[Site "https://www.chess.com"]
[Date "2023.12.12"]
[Round "9"]
[White "Ismayil, Malak"]
[Black "Balla, Tamas-Kristof"]
[Result "1-0"]
[Board "70"]
[TimeControl "180+1"]
[WhiteFideId "13412604"]
[BlackFideId "1208497"]
[WhiteElo "2506"]
[BlackElo "2384"]
[WhiteTeam "AZE"]
[BlackTeam "ROU"]
[WhiteClock "0:00:05"]
[BlackClock "0:00:02"]

1. e4 c5 2. Nf3 Nc6 3. Bb5 Nf6 4. e5 Nd5 5. O-O g6 6. d4 cxd4 7. Nxd4 Bg7 8. Bxc6 bxc6 9. Re1 O-O 10. c4 Nb6 11. Qc2 Bb7 12. Bg5 a5 13. Nd2 a4 14. Rad1 h6 15. Bh4 Re8 16. N2f3 c5 17. Nb5 Bxf3 18. gxf3 Qc8 19. Qe4 Kh7 20. Kh1 d6 21. e6 Qxe6 22. Qxe6 fxe6 23. Nc7 Nxc4 24. b3 Ne5 25. Kg2 Rf8 26. Bxe7 Rac8 27. Bxf8 Rxf8 28. Nxe6 Rf6 29. Nxg7 Kxg7 30. bxa4 Nxf3 31. Re7+ Kf8 32. Rd7 Nh4+ 33. Kf1 Nf3 34. R7xd6 Rf4 35. Rd8+ Kf7 36. a5 Ra4 37. R8d7+ Kf6 38. Rd8 Nd4 39. Rc1 Rxa5 40. Rd6+ Kg5 41. Rd5+ Kf4 42. Rdxc5 Rxa2 43. R5c4 Ke4 44. Rd1 Ke5 45. Rcxd4 Ra1 46. Rxa1 Kxd4 47. Rd1+ Ke5 48. Ke2 1-0

[Event "December 12 Late 2023"]
[Site "https://www.chess.com"]
[Date "2023.12.12"]
[Round "9"]
[White "Petukhov, Dmitry"]
[Black "Todev, Simeon"]
[Result "0-1"]
[Board "71"]
[TimeControl "180+1"]
[WhiteFideId "4142748"]
[BlackFideId "2925133"]
[WhiteElo "2505"]
[BlackElo "2355"]
[WhiteTeam "RUS"]
[BlackTeam "BUL"]
[WhiteClock "0:00:00"]
[BlackClock "0:01:15"]

1. e4 c5 2. c3 d5 3. exd5 Qxd5 4. d4 Nc6 5. Nf3 Bg4 6. Be2 e6 7. O-O Nf6 8. h3 Bh5 9. Be3 cxd4 10. cxd4 Bb4 11. a3 Ba5 12. b4 Bc7 13. Nc3 Qd7 14. Rc1 O-O 15. Ne5 Nxe5 16. dxe5 Qxd1 17. Bxd1 Bxe5 18. g4 Bg6 19. Bf3 Rac8 20. Nb5 Bd3 21. Rxc8 Rxc8 22. Nxa7 Rc3 23. Rd1 Rxa3 24. Bxb7 h6 25. Nc6 Bc7 26. Bc1 Rb3 27. Na5 Rxb4 0-1

[Event "December 12 Late 2023"]
[Site "https://www.chess.com"]
[Date "2023.12.12"]
[Round "9"]
[White "Krzywda, Andrzej"]
[Black "Gerbelli Neto, Eduardo"]
[Result "1/2-1/2"]
[Board "72"]
[TimeControl "180+1"]
[WhiteFideId "1114565"]
[BlackFideId "2103281"]
[WhiteElo "2500"]
[BlackElo "2351"]
[WhiteTeam "POL"]
[BlackTeam "BRA"]
[WhiteClock "0:00:22"]
[BlackClock "0:00:10"]

1. e4 e5 2. Nf3 Nc6 3. Bb5 a6 4. Ba4 d6 5. O-O Bg4 6. h3 h5 7. Bxc6+ bxc6 8. d4 Bxf3 9. Qxf3 exd4 10. Re1 Qd7 11. e5 d5 12. Qg3 Qe6 13. Nd2 Ne7 14. Nf3 Nf5 15. Qf4 Be7 16. Nxd4 Nxd4 17. Qxd4 O-O 18. Bd2 c5 19. Qd3 c4 20. Qe2 g6 21. b3 cxb3 22. axb3 Rfe8 23. Ra4 c5 24. c4 d4 25. Qe4 Bf8 26. f4 Rab8 27. Qd3 Rb6 28. Ba5 Rb7 29. Bd2 Rb6 30. Rea1 Reb8 31. R4a3 Be7 32. Qc2 Qc6 33. Qd3 Qe6 34. Rb1 Bd8 35. Kh2 Rc6 36. Kh1 Kg7 37. Raa1 Bc7 38. Rf1 f6 39. f5 Qxe5 40. Bf4 Qxf5 41. Qxf5 gxf5 42. Bxc7 Rxc7 43. Rxa6 Rxb3 44. Rxf5 Rf7 45. Rxc5 Rc3 46. Rd6 d3 47. Rxh5 Rxc4 48. Rxd3 Kg6 49. Ra5 f5 50. Rd6+ Rf6 51. Rd8 Rc1+ 52. Kh2 Re6 53. Ra2 Ree1 54. Rf2 Re5 55. Rd6+ Kg5 56. Rd8 Kg6 57. Rg8+ Kf7 58. Rg3 Kf6 59. Rgf3 Ke6 60. h4 Rc4 61. Kh3 Rce4 62. g3 Re3 63. h5 Rxf3 64. Rxf3 Kf6 65. Kh4 Re4+ 66. Rf4 Re1 67. g4 Rh1+ 68. Kg3 Rg1+ 69. Kh3 Rxg4 70. Rxg4 fxg4+ 71. Kxg4 Kg7 72. Kg5 Kh7 73. h6 Kg8 74. Kh5 Kh8 75. Kg6 Kg8 76. h7+ Kh8 77. Kh6 1/2-1/2